 Dungeon Crawl Stone Soup version 0.27.0-1-g7a089689b8 (webtiles) character file.

Game seed: 4474620804267736262

32036 shoop the Thaumaturge (level 14, -5/96 HPs)
             Began as a Djinni Venom Mage on July 31, 2021.
             Was the Champion of Cheibriados.
             Killed by divine providence
             ... invoked by Saint Roka
              (7 damage)
             ... on level 2 of the Orcish Mines.
             The game lasted 01:10:47 (20683 turns).

shoop the Thaumaturge (Djinni Venom Mage)          Turns: 20683, Time: 01:10:47

Health: -5/96      AC: 11    Str: 31    XL:     14   Next: 0%
Gold:   1247       EV: 15    Int: 34    God:    Cheibriados [******] SH:  6 Dex: 29

rFire    + + .     SeeInvis +   v - +0 morningstar (holy)
rCold    . . .     Faith    +   O - +0 buckler
rNeg     . . .     Spirit   .   z - +3 leather armour {rC+}
rPois    ∞         Reflect  .   r - +2 helmet
rElec    .         Harm     .   L - +0 cloak
rCorr    .         Rampage  .   K - +0 pair of gloves
Will     +....                  (boots unavailable)
Stlth    +++.......             C - amulet of faith
HPRegen  0.26/turn              m - ring of see invisible
MPRegen  0.00/turn              I - +6 ring of strength

@: flying, very slow
A: sickness immunity, fire resistance 2, cold vulnerability 1, float, innate
caster, hp casting, extra vitality 1
a: Renounce Religion, Bend Time, Temporal Distortion, Slouch, Step From Time


You were on level 2 of the Orcish Mines.
You worshipped Cheibriados.
Cheibriados was exalted by your worship.
You visited 2 branches of the dungeon, and saw 12 of its levels.

You collected 1463 gold pieces.
You spent 216 gold pieces at shops.

Inventory:

Hand Weapons
 a - the +4 halberd of Paper {drain, rElec SInv}
   (You took it off a deep elf pyromancer on level 10 of the Dungeon)

   A truly terrible weapon, it drains the life of any living foe it strikes.
   rElec:     It insulates you from electricity.
   SInv:      It lets you see invisible.
 v - a +0 morningstar of holy wrath (weapon)
 y - the +5 quick blade of the Wary Planets {freeze, Contam Str+6 Dex+6}
   (You found it on level 10 of the Dungeon)

   It freezes those it strikes, dealing additional cold damage.
   It can also slow down cold-blooded creatures.
   Str:       It affects your strength (+6).
   Dex:       It affects your dexterity (+6).
   Contam:    It causes magical contamination when unequipped.
 P - a +3 antimagic broad axe
Missiles
 Q - 5 javelins
 S - 6 boomerangs of dispersal
Armour
 c - a +3 leather armour of willpower
 k - the +3 leather armour of Cupn {-Tele Harm rN+ Will+}
   (You found it on level 5 of the Dungeon)

   rN:        It protects you from negative energy.
   -Tele:     It prevents most forms of teleportation.
   Harm:      It increases damage dealt and taken.
   Will:      It increases your willpower.
 r - a +2 helmet (worn)
 z - a +3 leather armour of cold resistance (worn)
 K - a +0 pair of gloves (worn)
 L - a +0 cloak (worn)
 O - a +0 buckler (worn)
Jewellery
 j - a ring of see invisible
 m - a ring of see invisible (left hand)
 u - a ring of wizardry
 C - an amulet of faith (around neck)
 I - a +6 ring of strength (right hand)
Wands
 i - a wand of flame (36)
 l - a wand of acid (5)
 A - a wand of digging (17)
 H - a wand of paralysis (11)
Scrolls
 b - a scroll of magic mapping
 d - 6 scrolls of teleportation {unknown}
 f - 2 scrolls of torment {unknown}
 n - a scroll of brand weapon
 p - 3 scrolls of fog {unknown}
 s - a scroll of fear
 t - 3 scrolls of blinking {unknown}
 w - a scroll of enchant armour
 F - 2 scrolls of silence {unknown}
 G - 6 scrolls of enchant weapon {unknown}
 M - 4 scrolls of amnesia
Potions
 e - a potion of berserk rage
 g - 5 potions of heal wounds
 h - a potion of cancellation
 o - 3 potions of mutation {unknown}
 q - 5 potions of lignification
 B - 3 potions of curing
 D - 2 potions of attraction
 E - 3 potions of brilliance
 J - 4 potions of flight {unknown}
 N - a potion of haste
Miscellaneous
 x - a phantom mirror
 R - a condenser vane


   Skills:
 + Level 7.1 Fighting
 - Level 2.0 Armour
 - Level 4.0 Dodging
 - Level 2.0 Stealth
 - Level 2.0 Shields
 * Level 13.4 Spellcasting
 + Level 11.5 Invocations
 - Level 3.0 Evocations


You had 11 spell levels left.
You knew the following spells:

 Your Spells              Type           Power      Damage    Failure   Level
a - Bolt of Magma         Conj/Fire/Erth 42%        4d18      1%          5
b - Poisonous Vapours     Pois/Air       100%       N/A       0%          2
c - Mephitic Cloud        Conj/Pois/Air  85%        N/A       1%          3
d - Olgreb's Toxic Radia  Pois           85%        N/A       1%          4
e - Pain                  Necr           100%       1d9       0%          1
f - Ensorcelled Hibernat  Hex/Ice        100%       N/A       0%          2
g - Searing Ray           Conj           100%       3d7       0%          2
h - Frozen Ramparts       Ice            100%       1d12      1%          3
i - Irradiate             Conj/Tmut      42%        3d27      1%          5
j - Sting                 Tmut/Pois      100%       1d8       0%          1
Your spell library was empty.

Dungeon Overview and Level Annotations

Branches:
Dungeon (10/15)            Temple (0/1) D:7             Orc (2/2) D:9
   Lair: D:8-11         Elf: Orc:2

Altars:
Cheibriados
Dithmenos
Elyvilon
Fedhas
Gozag
Hepliaklqana
Sif Muna
Trog
Vehumet
Wu Jian
Xom

Shops:
D:5 [[![   D:9 [(

Annotations:
D:5 1 runed translucent door, Rallik's ghost, amateur TrMo
D:10 exclusion: ice statue
Orc:2 exclusions: 2 doors and 1 more exclusion, Saint Roka


Innate Abilities, Weirdness & Mutations

You are immune to sickness and miasma.
You are immune to poison.
Your flesh is very heat resistant. (rF++)
You are vulnerable to cold. (rC-)
You float through the air rather than walking.
You learn spells naturally, not from books.
Your magical power is your life essence.
You have superior vitality. (+4 HP)


Message History

Items here: a +0 dagger; a +0 ring mail; an orc corpse.
The floor.
Unknown command.
Press: ? - help, v - describe, . - travel A stone wall, covered with ice.
Unknown command.
Unknown command.
Your frozen ramparts will break if you move.
Continue?
The frozen ramparts melt away as you move.
Saint Roka looks even sicker.
The troll looks as sick as possible!
You kill the orc!
Cheibriados appreciates the change of pace.
The orc warrior looks as sick as possible!
Your toxic aura wanes.
You block the troll's attack. The troll closely misses you.
The troll barely misses you. Saint Roka hits you but does no damage.
Saint Roka mumbles some strange prayers to Beogh against you.
Beogh smites you! The troll barely misses you. The troll claws you!
The troll closely misses you.
Saint Roka calls down the wrath of Beogh upon you.
Beogh smites you!
You kill the troll!
Cheibriados thoroughly appreciates the change of pace.
The troll leather armour is intact enough to wear.
Cheibriados thoroughly appreciates the change of pace.
You feel a bit more experienced.
Saint Roka mumbles some strange prayers to Beogh against you.
Beogh smites you!
You have reached level 14!
Saint Roka calls down the wrath of Beogh upon you.
Beogh smites you!
* * * LOW HITPOINT WARNING * * *
Saint Roka mumbles some strange prayers to Beogh against you.
Beogh smites you!
* * * LOW HITPOINT WARNING * * *
You step out of the flow of time.
You return to the normal time flow.
Saint Roka shouts!
Saint Roka calls down the wrath of Beogh upon you.
Beogh smites you!
You die...

##.............≈≈≈##≈≈≈≈≈#
.#..........♣.≈≈≈≈≈#≈≈≈#≈##
)#)........###≈≈≈≈≈≈≈≈≈≈≈≈#####
.[.........##≈≈≈≈≈≈≈≈≈≈≈≈≈≈≈≈≈#
.#.......#####≈≈#≈≈≈≈#≈≈≈#≈≈###
.#..###...# ###≈≈≈###≈≈≈≈≈##
########### ##≈≈≈#≈≈≈≈≈##
.....+..)) #######≈≈≈≈≈≈≈##
###+##))..)#.o≈≈@≈≈≈≈≈####
#).).)h..≈)≈≈≈≈≈##
#######..≈≈≈≈###≈≈# ########
#≈# ##


You could see Saint Roka and a warg (wandering).

Vanquished Creatures
  Snorg (Orc:1)
  Josephine (D:9)
  A boulder beetle (D:10)
  A hydra (D:10)
  A centaur warrior (D:10)
  An ogre mage (D:9)
  3 two-headed ogres
  Urug (D:9)
  An orc knight (D:9)
  Pikel (D:8)
  2 orb spiders (shapeshifter) (D:10)
  A deep elf pyromancer (D:10)
  A manticore (D:10)
  2 cyclopes
  A gargoyle (D:10)
  An unseen horror (D:10)
  2 komodo dragons (D:10)
  4 kobold demonologists (D:9)
  10 trolls
  A freezing wraith (D:10)
  A polar bear (D:9)
  A tengu conjurer (D:10)
  A slime creature (D:10)
  A hornet (D:10)
  Sigmund (D:6)
  4 wraiths
  2 vampires (D:10)
  17 yaks
  2 wyverns
  2 steam dragons (D:7)
  Grum (D:8)
  A basilisk (D:10)
  2 vampire mosquitoes (D:10)
  9 wargs
  An acid dragon (D:10)
  2 water moccasins
  4 ice beasts
  19 orc warriors
  A black bear (D:5)
  A necrophage (D:8)
  11 ogres
  10 centaurs
  4 wolves
  14 kobold brigands
  A bullfrog (D:9)
  10 gnoll sergeants
  2 wyvern skeletons (D:7)
  A water moccasin skeleton (D:4)
  A killer bee (D:10)
  10 wights
  11 howler monkeys
  An electric eel (D:9)
  A bullfrog zombie (D:6)
  A centaur skeleton (D:4)
  6 centaur zombies
  3 hounds
  12 orc priests
  7 gnoll shamans
  5 jellies
  Ijyb (D:4)
  Natasha (twice) (D:3)
  23 orc wizards
  5 iguanas
  A killer bee zombie (D:8)
  2 centaur simulacra
  2 howler monkey zombies
  A killer bee simulacrum (D:9)
  Robin (D:2)
  4 gnolls (D:6)
  9 adders
  5 white imps
  A howler monkey simulacrum (D:9)
  An adder skeleton (D:4)
  A worm (D:2)
  86 orcs
  6 bats
  3 endoplasms (D:2)
  2 giant cockroaches
  10 goblins
  2 hobgoblins
  7 jackals
  4 quokkas
  6 ball pythons
  6 frilled lizards
  17 kobolds
  3 rats (D:2)
432 creatures vanquished.

Vanquished Creatures (others)
  7 fungi (D:10)
  2 plants (D:9)
  3 toadstools (D:10)
12 creatures vanquished.

Grand Total: 444 creatures vanquished

Notes
Turn   | Place    | Note
-------+----------+-------------------------------------------
     0 | D:1      | shoop the Djinni Venom Mage began the quest for the Orb.
     0 | D:1      | Reached XP level 1. HP: 15/15 MP: 0/0
   408 | D:1      | Reached XP level 2. HP: 17/21 MP: 0/0
   761 | D:2      | Reached skill level 3 in Spellcasting
  1196 | D:2      | Reached XP level 3. HP: 18/25 MP: 0/0
  1196 | D:2      | Learned a level 1 spell: Pain
  1767 | D:2      | You are sucked into a shaft and drop 2 floors!
  1779 | D:4      | Noticed Ijyb
  1781 | D:5      | Entered Level 5 of the Dungeon
  1786 | D:5      | Reached XP level 4. HP: 25/31 MP: 0/0
  2087 | D:5      | Reached skill level 4 in Spellcasting
  2087 | D:5      | Reached XP level 5. HP: 33/35 MP: 0/0
  2087 | D:5      | Learned a level 2 spell: Ensorcelled Hibernation
  2395 | D:5      | Found a runed translucent door.
  2398 | D:5      | Noticed Rallik's ghost (amateur TrMo)
  2515 | D:5      | Reached XP level 6. HP: 34/40 MP: 0/0
  2589 | D:5      | Found Odogi's Armour Boutique.
  2649 | D:5      | Found a snail-covered altar of Cheibriados.
  2684 | D:5      | Reached skill level 5 in Spellcasting
  2685 | D:5      | Became a worshipper of Cheibriados the Contemplative
  2804 | D:5      | Noticed an ogre
  2822 | D:5      | Identified the +3 leather armour of Cupn {-Tele Harm rN+
                  | Will+}
  2838 | D:5      | Found Emokhlein's Antique Armour Shoppe.
  3368 | D:3      | Reached skill level 1 in Evocations
  3463 | D:3      | Noticed Natasha
  3469 | D:3      | Killed Natasha
  3984 | D:3      | Noticed Natasha
  3990 | D:3      | Killed Natasha
  4090 | D:3      | Reached * piety under Cheibriados
  4172 | D:3      | Found a faded altar of an unknown god.
  4195 | D:2      | Reached XP level 7. HP: 44/45 MP: 0/0
  4195 | D:2      | Learned a level 2 spell: Searing Ray
  4450 | D:2      | Noticed Robin
  4456 | D:2      | Killed Robin
  5169 | D:4      | Reached ** piety under Cheibriados
  5435 | D:4      | Reached skill level 1 in Invocations
  5714 | D:4      | Killed Ijyb
  5715 | D:4      | Reached skill level 1 in Armour
  6030 | D:5      | Found Icoss's Distillery.
  6034 | D:5      | Bought a potion of lignification for 36 gold pieces
  6034 | D:5      | Bought a potion of curing for 36 gold pieces
  6034 | D:5      | Bought a potion of attraction for 36 gold pieces
  6034 | D:5      | Bought a potion of brilliance for 48 gold pieces
  6088 | D:5      | Found Idarok's Armour Emporium.
  6269 | D:5      | Reached XP level 8. HP: 49/50 MP: 0/0
  6287 | D:5      | Reached skill level 6 in Spellcasting
  6839 | D:6      | Found a bloodstained altar of Trog.
  7009 | D:6      | Reached *** piety under Cheibriados
  7560 | D:6      | Noticed Sigmund
  7568 | D:6      | Killed Sigmund
  7569 | D:6      | Reached skill level 7 in Spellcasting
  7629 | D:6      | Reached XP level 9. HP: 43/55 MP: 0/0
  7629 | D:6      | Learned a level 3 spell: Frozen Ramparts
  8163 | D:5      | Bought a potion of heal wounds for 60 gold pieces
  8436 | D:7      | Found a blossoming altar of Fedhas.
  8696 | D:7      | Reached skill level 5 in Invocations
  8702 | D:7      | Reached skill level 8 in Spellcasting
  8908 | D:7      | Reached **** piety under Cheibriados
  9397 | D:7      | Reached XP level 10. HP: 24/60 MP: 0/0
  9589 | D:7      | Found a staircase to the Ecumenical Temple.
 10343 | D:8      | Reached skill level 9 in Spellcasting
 10418 | D:8      | Reached ***** piety under Cheibriados
 10628 | D:8      | Noticed Pikel
 10635 | D:8      | Killed Pikel
 10636 | D:8      | Reached skill level 1 in Fighting
 10697 | D:8      | Noticed Grum
 10705 | D:8      | Killed Grum
 10706 | D:8      | Reached skill level 10 in Spellcasting
 10713 | D:8      | Upgraded the game from 0.27.0 to 0.27.0-1-g7a089689b8
 10714 | D:8      | Reached XP level 11. HP: 7/70 MP: 0/0
 10714 | D:8      | Learned a level 5 spell: Irradiate
 11028 | D:8      | Found a shadowy altar of Dithmenos.
 11098 | D:8      | Found a shimmering altar of Xom.
 11508 | D:9      | Found a white marble altar of Elyvilon.
 12035 | D:9      | Found Patygut's Armour Shoppe.
 12035 | D:9      | Found a staircase to the Orcish Mines.
 12071 | D:9      | Found Azxeum's Weapon Shoppe.
 12271 | D:9      | Found an opulent altar of Gozag.
 12568 | D:9      | Noticed a two-headed ogre
 12580 | D:9      | Killed a two-headed ogre
 13960 | D:9      | Noticed an ogre mage
 13967 | D:9      | Killed an ogre mage
 13968 | D:9      | Reached skill level 5 in Fighting
 13968 | D:9      | Reached skill level 11 in Spellcasting
 14064 | D:9      | Reached ****** piety under Cheibriados
 14236 | D:9      | Reached XP level 12. HP: 73/81 MP: 0/0
 14688 | D:9      | Found a hazy altar of Hepliaklqana.
 15052 | D:9      | Reached skill level 1 in Shields
 15325 | Orc:1    | Entered Level 1 of the Orcish Mines
 15328 | Orc:1    | Noticed Urug
 15330 | Orc:1    | Noticed Josephine
 16145 | D:9      | Killed Josephine
 16229 | D:9      | Killed Urug
 16364 | Orc:1    | Noticed Snorg
 16537 | D:10     | Entered Level 10 of the Dungeon
 16661 | D:10     | Noticed a two-headed ogre
 16665 | D:10     | Killed a two-headed ogre
 16935 | D:10     | Identified the +4 halberd of Paper {drain, rElec SInv}
 16989 | D:10     | Reached skill level 12 in Spellcasting
 17036 | D:10     | Reached skill level 10 in Invocations
 17062 | D:10     | Reached XP level 13. HP: 42/90 MP: 0/0
 17062 | D:10     | Learned a level 5 spell: Bolt of Magma
 17327 | D:10     | Found an ornate altar of the Wu Jian Council.
 17685 | D:10     | Noticed a boulder beetle
 17688 | D:10     | Killed a boulder beetle
 18169 | D:10     | Noticed a centaur warrior
 18173 | D:10     | Killed a centaur warrior
 18205 | D:10     | Reached skill level 13 in Spellcasting
 18249 | D:10     | Noticed a seven-headed hydra
 18509 | D:10     | Killed a seven-headed hydra
 18550 | D:10     | Identified the +3 leather armour of the Hanged Man {+Blink
                  | Int-4 SInv}
 18651 | D:10     | Identified the +0 leather armour "Alliq" {Str+4 Int-5
                  | Stlth+}
 18659 | D:10     | Identified the +5 quick blade of the Wary Planets {freeze,
                  | Contam Str+6 Dex+6}
 18872 | Orc:1    | Killed Snorg
 19613 | Orc:2    | Entered Level 2 of the Orcish Mines
 20676 | Orc:2    | Noticed Saint Roka
 20682 | Orc:2    | Reached XP level 14. HP: 32/96 MP: 0/0
 20683 | Orc:2    | Killed from afar by Saint Roka

Illustrated notes

Levels and vault maps discovered:
D:1:      minmay_arrival_five_plusses, layout_rooms, minmay_tetromino_i4
D:2:      layout_basic, uniq_robin
D:3:      layout_loops_corners, ebering_ecumenical_altar_hall,
          kennysheep_generic_room_15, uniq_natasha
D:4:      layout_cave_pools, overflow_temple_1_default, uniq_ijyb
D:5:      layout_loops_ring, mainiacjoe_overflow_concentric_impassable,
          serial_shops, nicolae_stop_n_shop_1, shop, shop, shop,
          hellmonk_ghost_happy_afterlife, grunt_ministairs_15, grunt_decor_cap
D:6:      layout_loops_corners, mainiacjoe_overflow_surrounded_room,
          uniq_sigmund
D:7:      layout_gridville, mainiacjoe_overflow_cross_hatched, temple_doors_cd,
          minmay_misc_feat_cross, st_stairs_4
D:8:      layout_cave_pools, mainiacjoe_overflow_small_starburst,
          dk_xom_monty_hall, lemuel_round_altar, uniq_grum, uniq_pikel
D:9:      lemuel_castle_with_subvaults [lemuel_castle_interior_carwin_1],
          layout_stronghold, grunt_gozag_statues,
          worldfamousw_hep_ancestral_shrine, elyvilon_altar_1, orc_david_3,
          serial_ice, serial_ice_k, serial_ice_b, serial_ice_g, serial_ice_h,
          grunt_ministairs_3
D:10:     minmay_the_grid_octo_tiled_squarecenter [minmay_the_grid_octo_horde,
          minmay_the_grid_octo_odd_swirl, minmay_the_grid_octo_clover,
          minmay_the_grid_octo_77, minmay_the_grid_square_5x5_megaprize_crossed,
          minmay_the_grid_square_5x5_inset, minmay_the_grid_square_5x5_mess,
          minmay_the_grid_square_5x5_plus, minmay_the_grid_square_5x5_inner_z],
          layout_rooms, lemuel_coloured_pillars_altar, minivault_16,
          minmay_gold_behind_fungi, minmay_misc_feat_more_columns,
          minmay_diamond_spiral
Orc:1:    layout_caves, uniq_snorg, uniq_urug, uniq_josephine
Orc:2:    pubby_orc_utopia, serial_shops, uniq_saint_roka

Skill      XL: |  1  2  3  4  5  6  7  8  9 10 11 12 13 |
---------------+----------------------------------------+-----
Spellcasting   | 3 4 5 7 8 10 11 12 13 | 13.4
Evocations     | 1 2 3 |  3.0
Invocations    | 1 4 5 7 8 10 11 | 11.5
Armour         | 1 2 |  2.0
Fighting       | 2 5 7 |  7.1
Stealth        | 2 |  2.0
Dodging        | 4 |  4.0
Shields        | 2 |  2.0

Action                   |  1- 3 |  4- 6 |  7- 9 | 10-12 | 13-15 || total
-------------------------+-------+-------+-------+-------+-------++-------
Melee: Spear             |     5 |    34 |    16 |       |       ||    55
       Morningstar       |       |       |    59 |   159 |    56 ||   274
 Cast: Sting             |    61 |    69 |   104 |    83 |     6 ||   323
       Poisonous Vapours |       |    12 |    36 |    36 |     1 ||    85
       Ensorcelled Hiber |       |     1 |       |     1 |       ||     2
       Mephitic Cloud    |       |     1 |     5 |     9 |     3 ||    18
       Searing Ray       |       |       |    10 |     2 |       ||    12
       Olgreb's Toxic Ra |       |       |     9 |    50 |    42 ||   101
       Frozen Ramparts   |       |       |     3 |    28 |    16 ||    47
       Irradiate         |       |       |       |    19 |     4 ||    23
       Bolt of Magma     |       |       |       |       |    31 ||    31
Invok: Slouch            |       |       |       |     1 |       ||     1
       Step From Time    |       |       |       |       |     1 ||     1
  Use: Scroll            |       |       |       |     9 |       ||     9
 Stab: Sleeping          |       |       |       |       |     1 ||     1
Armor: Robe              |     5 |     5 |    12 |       |       ||    22
       Leather armour    |       |       |    33 |    74 |    59 ||   166
Dodge: Dodged            |    26 |    22 |    74 |   160 |    75 ||   357
Block: Buckler           |       |       |       |    24 |    33 ||    57
